 Dungeon Crawl Stone Soup version 0.30-a0-1085-g990a428a5c (webtiles) character file.

Game seed: 13220376011787680859

10 Gynju the Trooper (level 2, -4/27 HPs)
             Began as a Hill Orc Fighter on Apr 16, 2023.
             Was a Follower of Kikubaaqudgha.
             Slain by a gnoll
             ... wielding a +0 flail
              (10 damage)
             ... on level 2 of the Dungeon.
             The game lasted 00:00:39 (564 turns).

Gynju the Trooper (Hill Orc Fighter)                 Turns: 564, Time: 00:00:40

Health: -4/27      AC:  6    Str: 18    XL:     2   Next: 20%
Magic:  2/2        EV:  9    Int:  8    God:    Kikubaaqudgha [*.....]
Gold:   77         SH:  4    Dex: 10    Spells: 1/1 levels left

rFire   . . .      SeeInvis .    a - +0 war axe
rCold   . . .      Faith    .    c - +0 buckler
rNeg    . . .      Spirit   .    b - +0 scale mail
rPois   .          Reflect  .    (no helmet)
rElec   .          Rampage  .    (no cloak)
rCorr   .                        (no gloves)
Will    .....                    (no boots) Stlth
                                 (no amulet)
HPRegen 0.24/turn                (no ring)
MPRegen 0.08/turn                (no ring)

@: no status effects
A: no striking features
a: Renounce Religion, Unearth Wretches


You were on level 2 of the Dungeon.
You worshipped Kikubaaqudgha.
Kikubaaqudgha was aware of your devotion.
You visited 1 branch of the dungeon, and saw 2 of its levels.

You collected 77 gold pieces.

Inventory:

Hand Weapons
 a - a +0 war axe (weapon)
Armour
 b - a +0 scale mail (worn)
 c - a +0 buckler (worn)
Scrolls
 e - 2 scrolls of enchant armour {unknown}
 g - a scroll of teleportation {unknown}
Potions
 d - a potion of might
 f - a potion of magic {unknown}
 h - a potion of haste {unknown}


   Skills:
 + Level 3.8 Fighting
 + Level 2.9 Axes
 + Level 3.4 Armour
 + Level 3.4 Shields
 + Level 0.1 Spellcasting
 + Level 0.2 Necromancy


You had one spell level left.
You didn't know any spells.
Your spell library contained the following spells:

 Spells                   Type           Power      Damage    Failure   Level
 Necrotise                Necr           0%         1d4       85%         1
 Kiss of Death            Conj/Necr      0%         2d5       86%         1
 Vampiric Draining        Necr           0%         2d6       99%         3
 Animate Dead             Necr           0%         N/A       100%        4


Dungeon Overview and Level Annotations

Branches:
Dungeon (2/15)

Altars:
Kikubaaqudgha

Shops:
D:1 !


Message History

You closely miss the adder.
The adder is almost dead.
The gnoll shouts!
The goblin shoots a sling bullet.
The sling bullet hits you but does no damage.
The adder closely misses you. The gnoll hits you with a +0 flail!
You are too injured to fight recklessly!
You are too injured to fight recklessly!
You are too injured to fight recklessly!
You are too injured to fight recklessly!
You are too injured to fight recklessly!
You are too injured to fight recklessly!
You are too injured to fight recklessly!
You are too injured to fight recklessly!
You are too injured to fight recklessly!
You are too injured to fight recklessly!
You are too injured to fight recklessly!
You are too injured to fight recklessly!
You are too injured to fight recklessly!
You are too injured to fight recklessly!
You are too injured to fight recklessly!
You are too injured to fight recklessly!
You are too injured to fight recklessly!
You are too injured to fight recklessly!
The goblin shoots a sling bullet.
The sling bullet completely misses you. The adder completely misses you.
The dart slug launches a dart at you. The slug dart hits you.
The adder attacks as you move away! The adder barely misses you.
The goblin shoots a sling bullet.
You block the sling bullet.
There is a stone staircase leading up here.
The goblin shoots a sling bullet.
The sling bullet hits you but does no damage.
The adder closely misses you. The dart slug launches a dart at you.
The slug dart hits you.
* * * LOW HITPOINT WARNING * * *
The gnoll hits you with a +0 flail!
You die...
Kikubaaqudgha rasps: "You have failed me!
Welcome... death!"

#..... ..#..#
## ..... ...
#.#g# ### #...
##...##...
....##...#...#
#..?.....#
#....@..#
###....Sg.##..#
....>........#
.......gg..###
###.......##
#..w....g..#
..##.......# .#
#.......#
#........


You could see 4 gnolls, an adder, a dart slug and a goblin.

Vanquished Creatures
  An endoplasm (D:1)
  A goblin (D:1)
  A hobgoblin (D:1)
  A quokka (D:1)
  A ball python (D:1)
  A frilled lizard (D:1)
  4 kobolds (D:1)
  A rat (D:1)
11 creatures vanquished.

Notes
Turn   | Place    | Note
-------+----------+-------------------------------------------
     0 | D:1      | Gynju the Hill Orc Fighter began the quest for the Orb.
     0 | D:1      | Reached XP level 1. HP: 19/19 MP: 1/1
    48 | D:1      | Found a faded altar of an unknown god.
   111 | D:1      | Prayed at the altar of an unknown god.
   111 | D:1      | Became a worshipper of Kikubaaqudgha
   111 | D:1      | Reached * piety under Kikubaaqudgha
   111 | D:1      | Received a gift from Kikubaaqudgha
   325 | D:1      | Reached XP level 2. HP: 23/27 MP: 2/2
   397 | D:1      | Found Ydacseo's Distillery.
   564 | D:2      | Slain by a gnoll

Illustrated notes

Levels and vault maps discovered:
D:1:      ncdulo_halloftheorcs, layout_rooms, serial_shops, shop,
          hellmonk_ecumenical_altar_heavens_door
D:2:      layout_rooms, basic_altar

Action                     || total
---------------------------++-------
  Melee: War axe           ||    27
 Armour: Scale mail        ||    14
  Dodge: Dodged            ||    15
  Block: Buckler           ||     4

Table legend: (Time is in decaauts)
 A = Elapsed time spent in this place.
 B = Non-inter-level travel time spent in this place.
 C = Inter-level travel time spent in this place.
 D = Time resting spent in this place.
 E = Time spent auto-exploring this place.
 F = Levels seen in this place.
 G = Mean time per level.
                   A        B        C        D        E       F      G
               +--------+--------+--------+--------+--------+-----+--------+
         Total |    574 |    571 |      3 |      0 |    473 |   2 |  287.0 |
       Dungeon |    574 |    571 |      3 |      0 |    473 |   2 |  287.0 |
               +--------+--------+--------+--------+--------+-----+--------+

Top non-repeatable levels by time:
     D:1: 565 daAuts
     D:2: 8 daAuts
